AoeStats
← anton.fenix

Oasis

509183185Analyzed
4v4 RM · 7d ago on Sep 25, 2026· 36m 40s· 8 players
Game mode
Random Map
Map size
Large (8 player)
Population
200
Speed
Normal
Resources
Standard
Victory
Conquest
Starting age
Dark Age
Ending age
Imperial Age
RankedLock teamsTeams togetherTeam positionsShared explorationLock speedFull tech treeHidden civsTurbo modeCheats
Victory
Defeat
🇷🇺 Khitans · Russia
967
+9
🇷🇺 Chinese · Russia
751
+17
🇷🇺 Cumans · Russia
746
+17
🇷🇺 Huns · Russia
740
+17
🇦🇹 Danes · Austria
822
-18
🇸🇰 Magyars · Slovakia
791
-15
🇮🇳 Vietnamese · India
781
-35
🇮🇳 Britons · India
703
-12
RookToD2
6:50 Loom
9:41 Feudal Age
12:33 Double-Bit Axe
20:45 Castle Age
20:02 Horse Collar
20:54 Pikeman
22:12 Forging
24:44 Crossbowman
26:13 Scale Mail Armor
30:00 Fletching
31:25 Gambesons
31:41 Squires
R0NIN
10:58 Loom
12:43 Feudal Age
14:33 Double-Bit Axe
14:57 Horse Collar
17:42 Castle Age
17:11 Fletching
17:32 Gold Mining
18:58 Heavy Plow
20:48 Crossbowman
23:49 Bow Saw
25:33 Bodkin Arrow
27:32 Murder Holes
29:06 Thumb Ring
31:53 Wheelbarrow
31:21 Padded Archer Armor
32:29 Ballistics
31:50 Treadmill Crane
Ambassador93
6:50 Loom
10:20 Feudal Age
14:47 Horse Collar
14:56 Double-Bit Axe
21:36 Castle Age
19:46 Stone Mining
21:29 Bloodlines
23:06 Thumb Ring
23:31 Husbandry
24:32 Town Watch
27:14 Elite Skirmisher
30:34 Scale Barding Armor
30:21 Fletching
30:31 Padded Archer Armor
31:19 Arson
30:56 Man-at-Arms
32:58 Town Patrol
33:33 Wheelbarrow
36:19 Ballistics
35:55 Murder Holes
36:10 Masonry
rauni11
3:13 Loom
10:20 Feudal Age
10:29 Man-at-Arms
13:05 Double-Bit Axe
19:47 Castle Age
20:22 Long Swordsman
22:27 Squires
29:57 Wheelbarrow
29:46 Horse Collar
30:19 Bow Saw
32:11 Heavy Plow
32:43 Masonry
33:07 Gold Mining
Tonny
10:00 Feudal Age
9:38 Loom
10:53 Double-Bit Axe
10:51 Horse Collar
11:54 Man-at-Arms
12:21 Man-at-Arms
16:15 Fletching
21:03 Castle Age
19:37 Stone Mining
22:08 Bow Saw
22:01 Heavy Plow
21:46 Crossbowman
23:27 Fletching
24:15 Wheelbarrow
23:49 Gold Mining
24:18 Padded Archer Armor
24:48 Town Watch
27:56 Thumb Ring
31:08 Gold Shaft Mining
33:49 Hand Cart
38:45 Imperial Age
kapusta
3:58 Loom
10:29 Feudal Age
11:18 Double-Bit Axe
18:19 Castle Age
17:33 Forging
18:33 Scale Barding Armor
19:08 Husbandry
19:47 Iron Casting
22:48 Wheelbarrow
24:46 Gold Mining
26:49 Chain Barding Armor
27:47 Light Cavalry
Garbak
9:16 Loom
12:07 Feudal Age
21:54 Wheelbarrow
21:09 Town Watch
26:12 Castle Age
24:39 Bloodlines
24:18 Arson
24:33 Double-Bit Axe
26:12 Scale Barding Armor
26:19 Forging
26:37 Horse Collar
29:45 Hand Cart
29:42 Squires
30:22 Caravan
33:30 Iron Casting
32:58 Padded Archer Armor
36:30 Gold Mining
36:45 Heavy Plow
37:00 Bow Saw
anton.fenix
13:34 Feudal Age
11:50 Loom
15:53 Double-Bit Axe
16:01 Horse Collar
17:47 Bloodlines
17:51 Scale Barding Armor
18:53 Wheelbarrow
18:07 Town Watch
22:07 Castle Age
20:59 Padded Archer Armor
23:14 Thumb Ring
25:39 Chain Barding Armor
26:04 Town Patrol
26:30 Leather Archer Armor
26:06 Fletching
27:33 Forging
27:33 Husbandry
29:34 Caravan
30:54 Ballistics
30:32 Murder Holes
31:47 Masonry
31:45 Scale Mail Armor
31:47 Bodkin Arrow
32:11 Heavy Plow
34:50 Iron Casting
Connection lost

Rejoining the realm…

Still unreachable

The connection could not be restored.

Session expired

The server has moved on; the page needs a fresh start.